 Dungeon Crawl Stone Soup version 0.21.1 (webtiles) character file.

3973 FreshCat the Reanimator (level 10, -5/63 HPs)
             Began as a Demonspawn Necromancer on Jan 31, 2018.
             Was a Priest of Hepliaklqana.
             Killed from afar by Erolcha (38 damage)
             ... with a crystal spear
             ... on level 9 of the Dungeon on Feb 1, 2018.
             The game lasted 01:49:05 (7736 turns).

FreshCat the Reanimator (Demonspawn Necromancer)    Turns: 7736, Time: 01:49:05

Health: -5/63      AC:  7    Str: 12    XL:     10   Next: 2%
Magic:  0/21       EV: 13    Int: 17    God:    Hepliaklqana [***...]
Gold:   270        SH:  0    Dex: 13    Spells: 11/24 levels left

rFire    + . .     SeeInvis .   P - +4 trident (pierce)
rCold    . . .     Gourm    .   (no shield)
rNeg     . . .     Faith    .   G - +2 robe {MR+}
rPois    .         Spirit   +   (helmet restricted)
rElec    .         Reflect  .   (no cloak)
rCorr    .         Harm     .   (no gloves)
MR       +....                  (no boots)
Stlth    ++........             n - amulet of magic regeneration
HPRegen  0.20/turn              F - +3 ring of protection
MPRegen  0.42/turn              U - ring of protection from fire

@: drained
A: reduced essence, claws 2, hooves 1, horns 1, powered by death 1, magic shield
a: Recall Ancestor, Ancestor Identity, Transference, Renounce Religion


You were on level 9 of the Dungeon.
You worshipped Hepliaklqana.
Hepliaklqana was most pleased with you.
You were not hungry.

You visited 2 branches of the dungeon, and saw 10 of its levels.

You collected 270 gold pieces.

Inventory:

Hand Weapons
 d - the +6 longbow "Goblinbane" {venom, rC- rN++, unknown}
   (You found it on level 5 of the Dungeon)

   It poisons the ammo it fires.
   It makes you vulnerable to cold.
   It greatly protects you from negative energy.
 A - a +0 blowgun
 E - a +3 trident of venom
 P - a +4 trident of piercing (weapon)
Missiles
 h - 137 bolts
 j - 231 stones (quivered)
 o - 53 poisoned needles
 p - 95 arrows
 K - 2 tomahawks
Armour
 G - a +2 robe of magic resistance (worn)
Jewellery
 m - a +3 amulet of reflection
 n - an amulet of magic regeneration (around neck)
 y - an uncursed amulet of the gourmand
 F - a +3 ring of protection (left claw)
 U - a ring of protection from fire (right claw)
Wands
 t - a wand of flame (58)
 w - a wand of acid (8)
 z - a wand of polymorph (17)
 B - a wand of digging (13)
Scrolls
 a - a scroll of fog
 f - 3 scrolls of amnesia
 g - a scroll of blinking
 i - 3 scrolls of remove curse
 k - 3 scrolls of enchant armour
 l - 2 scrolls of magic mapping
 u - a scroll of teleportation
 x - 2 scrolls of immolation
 D - a scroll of noise
 O - a scroll of brand weapon {unknown}
 Q - a scroll of identify
 S - a scroll of random uselessness {unknown}
Potions
 e - a potion of cancellation {unknown}
 q - a potion of invisibility
 r - a potion of agility
 v - a potion of haste
 C - a potion of brilliance {unknown}
 H - a potion of curing
 I - a potion of lignification
 J - 2 potions of heal wounds
 L - a potion of berserk rage {unknown}
 M - a potion of mutation {unknown}
 N - a potion of magic {unknown}
 R - a potion of might {unknown}
Books
 b - a book of Necromancy

   Spells                             Type                      Level
   a - Pain                           Necromancy                   1
   b - Animate Skeleton               Necromancy                   1
   c - Vampiric Draining              Necromancy                   3
   d - Regeneration                   Charms/Necromancy            3
   e - Animate Dead                   Necromancy                   4
   f - Borgnjor's Vile Clutch         Necromancy/Earth             5
 s - Sif Muna's Volume of Creation
   (You found it on level 8 of the Dungeon)

   Spells                             Type                      Level
   a - Summon Butterflies             Summoning                    1
Comestibles
 c - 13 rations


   Skills:
 + Level 3.3(3.0) Fighting
   Level 0.1(0.0) Short Blades
 * Level 6.8(6.5) Polearms
 + Level 1.8(1.5) Armour
 + Level 3.2(2.9) Dodging
 + Level 2.6(2.3) Stealth
 + Level 7.6(7.3) Spellcasting
 + Level 9.0(8.7) Necromancy
 + Level 1.4(1.1) Evocations


You had 11 spell levels left.
You knew the following spells:

 Your Spells              Type           Power        Failure   Level  Hunger
a - Pain                  Necr           ####         1%          1    None
b - Animate Skeleton      Necr           N/A          1%          1    None
c - Vampiric Draining     Necr           #####.....   1%          3    ##.....
d - Animate Dead          Necr           N/A          3%          4    ####...
e - Regeneration          Chrm/Necr      ###.......   5%          3    ##.....
f - Summon Butterflies    Summ           #.......     11%         1    None


Dungeon Overview and Level Annotations

Branches:
Dungeon (9/15)             Temple (1/1) D:7
   Lair: D:8-11         Orc: D:9-12

Altars:
Ashenzari
Cheibriados
Dithmenos
Elyvilon
Fedhas
Gozag
Hepliaklqana
Kikubaaqudgha
Nemelex Xobeh
Okawaru
Qazlal
Ru
Sif Muna
Trog
Uskayaw
Vehumet
Wu Jian
Xom
Yredelemnul
Zin
The Shining One

Portals:
Ossuary: D:5

Annotations:
D:3 Grinder
D:5 2 transporters, Sigmund, Menkaure, Wraith, Hungry Ghost, Menkaure, Sigmund


Innate Abilities, Weirdness & Mutations

You have very sharp fingernails.
You have large cloven feet.
You have a pair of small horns on your head.
You regenerate a little health from kills.
When hurt, damage is shared between your health and your magic reserves.
Your life essence is reduced to manifest your ancestor. (-10% HP)


Message History

Okay, then.
You feel much better. The troll barely misses you. The troll claws you!
The troll completely misses you.
Your surroundings suddenly seem different.
A crimson imp comes into view.
The crimson imp shouts!
An orc warrior comes into view. It is wielding a war axe.
The orc warrior shouts!
An orc comes into view.
The orc shouts!
A wyvern comes into view.
The wyvern hisses angrily.
An orc warrior comes into view. It is wielding a glaive.
The orc warrior shouts!
The orc warrior barely misses you.
Erolcha the Cunning comes into view.
She is wielding a giant spiked club.
Erolcha casts a spell at you. The crystal spear hits you!
Ouch! That really hurt!
You die...

#... #.##
### #.
._## 5..
.. l# ###
##o#...o.
#@.o...#
#..O.....
#.....#.#
#....l..#
#########


You could see Erolcha, 2 orc warriors, a wyvern, an iguana, a crimson imp and an
orc.

Vanquished Creatures
  A water moccasin (D:6)
  Duvessa (D:4)
  An orc warrior (D:6)
  A black bear (D:9)
  A sky beast (D:6)
  3 phantoms
  An ogre (D:7)
  2 centaurs
  A gnoll sergeant (D:8)
  3 bullfrogs
  A scorpion (D:9)
  Dowan (D:4)
  A wight (D:6)
  2 crimson imps
  4 hounds
  A bullfrog zombie (D:6)
  4 orc priests
  A bullfrog skeleton (D:7)
  9 orc wizards
  3 iguanas
  Terence (D:2)
  3 worker ants
  A hound zombie (D:8)
  2 hound skeletons (D:7)
  10 gnolls
  A howler monkey skeleton (D:6)
  5 adders
  A river rat (D:4)
  2 oozes
  2 adder skeletons
  2 worms
  A dart slug (D:3)
  2 leopard geckos
  24 orcs
  11 bats
  A giant cockroach (D:3)
  6 hobgoblins
  12 jackals
  4 quokkas
  A ball python skeleton (D:6)
  3 frilled lizards
  5 goblins
  5 kobolds
  A quokka zombie (D:5)
  6 rats
154 creatures vanquished.

Vanquished Creatures (collateral kills)
  The ghost of Stone the Insei, a novice OpTm of Uskayaw (D:7)
  Prince Ribbit (D:5)
  A wyvern (D:8)
  2 sky beasts (D:8)
  An ice beast (D:8)
  An orc warrior (D:8)
  A necrophage (D:6)
  2 ogres
  A bullfrog (D:6)
  2 wights (D:6)
  A crimson imp (D:8)
  2 hounds
  A bullfrog skeleton (D:8)
  2 orc wizards
  A jelly (D:6)
  A gnoll (D:2)
  An adder (D:7)
  An adder skeleton (D:8)
  A leopard gecko (D:7)
  3 orcs
  A giant cockroach (D:7)
  4 jackals
  A goblin (D:3)
  A jackal skeleton (D:8)
  2 quokka skeletons
  A rat zombie (D:5)
37 creatures vanquished.

Vanquished Creatures (others)
  2 hexers
  An ancestor (D:3)
3 creatures vanquished.

Grand Total: 194 creatures vanquished

Notes
Turn   | Place    | Note
-------+----------+-------------------------------------------
     0 | D:1      | FreshCat the Demonspawn Necromancer began the quest for the Orb.
     0 | D:1      | Reached XP level 1. HP: 13/13 MP: 3/3
   321 | D:1      | Gained mutation: You have large cloven feet. [demonic ancestry]
   321 | D:1      | Reached XP level 2. HP: 19/19 MP: 3/5
   394 | D:1      | Learned a level 1 spell: Animate Skeleton
   628 | D:1      | Reached skill level 5 in Necromancy
  1092 | D:2      | Gained mutation: When hurt, damage is shared between your health and your magic reserves. [demonic ancestry]
  1092 | D:2      | Reached XP level 3. HP: 24/24 MP: 4/6
  1479 | D:2      | Noticed Terence
  1499 | D:2      | Learned a level 3 spell: Vampiric Draining
  1512 | D:2      | Killed Terence
  1512 | D:2      | Reached XP level 4. HP: 11/30 MP: 0/8
  1714 | D:2      | Found a hazy altar of Hepliaklqana.
  1714 | D:2      | Found a shattered altar of Ashenzari.
  1718 | D:2      | Became a worshipper of Hepliaklqana the Forgotten
  2105 | D:2      | Gained mutation: You have sharp fingernails. [demonic ancestry]
  2105 | D:2      | Reached XP level 5. HP: 27/31 MP: 6/10
  2146 | D:2      | Learned a level 4 spell: Animate Dead
  2347 | D:3      | Noticed Grinder
  2615 | D:4      | Reached * piety under Hepliaklqana
  2815 | D:4      | Noticed a phantom
  2863 | D:4      | Killed a phantom
  2863 | D:4      | Reached skill level 1 in Polearms
  2863 | D:4      | Reached skill level 6 in Necromancy
  2863 | D:4      | Gained mutation: You regenerate a little health from kills. [demonic ancestry]
  2863 | D:4      | Reached XP level 6. HP: 11/37 MP: 3/11
  3069 | D:4      | Found a glowing silver altar of Zin.
  3069 | D:4      | Noticed an angel
  3180 | D:4      | Reached skill level 1 in Armour
  3381 | D:4      | Found a glowing drain.
  3384 | D:4      | Noticed Duvessa
  3384 | D:4      | Noticed Dowan
  3422 | D:4      | Killed Dowan
  3422 | D:4      | Reached skill level 1 in Fighting
  3422 | D:4      | Killed Duvessa
  3422 | D:4      | Reached XP level 7. HP: 22/44 MP: 6/13
  3635 | D:4      | Upgraded the game from 0.21.0-37-g46506fa5f3 to 0.21.1
  3870 | D:5      | Entered Level 5 of the Dungeon
  3870 | D:5      | Noticed Sigmund
  3912 | D:5      | Got a steaming longbow
  4013 | D:5      | Found a basalt altar of Yredelemnul.
  4014 | D:5      | Found a transporter.
  4014 | D:5      | Noticed Menkaure
  4015 | D:5      | Found an ancient bone altar of Kikubaaqudgha.
  4015 | D:5      | Noticed a wraith
  4024 | D:5      | Noticed a hungry ghost
  4030 | D:5      | Found a transporter.
  4095 | D:5      | Noticed Prince Ribbit
  4102 | D:5      | HP: 1/44 [Prince Ribbit (14)]
  4104 | D:5      | Killed Prince Ribbit
  4109 | D:5      | Found a sand-covered staircase.
  4110 | D:5      | Reached ** piety under Hepliaklqana
  4112 | D:5      | Remembered your ancestor Fresh D as a hexer
  4176 | D:6      | Reached skill level 7 in Necromancy
  4209 | D:6      | Reached skill level 5 in Spellcasting
  4311 | D:6      | Gained mutation: You have very sharp fingernails. [demonic ancestry]
  4311 | D:6      | Reached XP level 8. HP: 47/50 MP: 1/15
  4728 | D:6      | Reached skill level 1 in Evocations
  5145 | D:6      | Found a sparkling altar of Nemelex Xobeh.
  5506 | D:7      | Reached skill level 8 in Necromancy
  5717 | D:7      | Reached XP level 9. HP: 24/54 MP: 5/18
  5752 | D:7      | Noticed Stone's ghost (novice OpTm)
  5772 | D:7      | Killed Stone's ghost
  5915 | D:7      | Reached *** piety under Hepliaklqana
  5963 | D:7      | Reached skill level 5 in Polearms
  6115 | D:7      | Found a staircase to the Ecumenical Temple.
  6122 | Temple   | Entered the Ecumenical Temple
  6348 | D:8      | Learned a level 3 spell: Regeneration
  6903 | D:8      | Found a deep blue altar of Sif Muna.
  6930 | D:8      | Identified Sif Muna's Volume of Creation
  6937 | D:8      | Learned a level 1 spell: Summon Butterflies
  7326 | D:8      | Reached skill level 9 in Necromancy
  7656 | D:9      | Gained mutation: You have a pair of small horns on your head. [demonic ancestry]
  7656 | D:9      | Reached XP level 10. HP: 62/62 MP: 21/21
  7677 | D:9      | Noticed a two-headed ogre
  7736 | D:9      | Found a radiant altar of Vehumet.
  7736 | D:9      | Killed from afar by Erolcha

Skill      XL: |  1  2  3  4  5  6  7  8  9 |
---------------+----------------------------+-----
Necromancy     | 5 6 7 8 9 |  9.0
Dodging        | 2 3 |  3.2
Spellcasting   | 3 4 5 6 7 |  7.6
Polearms       | 1 2 3 4 6 |  6.8
Stealth        | 2 |  2.6
Armour         | 1 |  1.8
Fighting       | 1 2 3 |  3.3
Evocations     | 1 |  1.4
Short Blades   | |  0.1

Action                   |  1- 3 |  4- 6 |  7- 9 | 10-12 || total
-------------------------+-------+-------+-------+-------++-------
Melee: Dagger            |    12 |       |       |       ||    12
       Kick              |     6 |    16 |    52 |       ||    74
       Spear             |    20 |    34 |       |       ||    54
       Trident           |       |    32 |   213 |     3 ||   248
       Unarmed           |       |     1 |       |       ||     1
       Headbutt          |       |       |       |     1 ||     1
Throw: Stone             |     7 |     2 |     2 |       ||    11
 Cast: Pain              |    47 |    53 |   116 |     8 ||   224
       Animate Skeleton  |     4 |     9 |     6 |       ||    19
       Vampiric Draining |     1 |     5 |     9 |     1 ||    16
       Animate Dead      |       |       |    19 |     1 ||    20
Invok: Ancestor Identity |       |     1 |       |       ||     1
       Recall Ancestor   |       |     1 |       |       ||     1
       Ancestor Life: He |       |       |     1 |       ||     1
Evoke: Wand              |       |     2 |    20 |     3 ||    25
  Use: Potion            |     3 |     2 |     7 |     1 ||    13
       Scroll            |       |     7 |    14 |     2 ||    23
 Stab: Distracted        |       |     2 |     4 |       ||     6
       Sleeping          |       |     1 |       |       ||     1
       Confused          |       |       |     2 |       ||     2
  Eat: Chunk             |     2 |    12 |     5 |     2 ||    21
       Ration            |       |       |     4 |       ||     4
Armor: Robe              |     5 |       |    60 |     5 ||    70
       Leather armour    |     9 |    14 |       |       ||    23
       Skin              |    16 |       |       |       ||    16
Dodge: Dodged            |    38 |    55 |   142 |    15 ||   250
Block: Other             |       |     8 |    14 |       ||    22
       Reflection        |       |     1 |     1 |       ||     2
